 Dungeon Crawl Stone Soup version 0.30-a0-374-g95c0257040 (webtiles) character file.

Game seed: 13163751716372738317

72 porpoise the Shooter (level 4, 0/27 HPs)
             Began as a Tengu Hexslinger on Nov 27, 2022.
             Slain by a gnoll
             ... wielding a +0 whip
              (6 damage)
             ... on level 2 of the Dungeon.
             The game lasted 00:06:19 (1445 turns).

porpoise the Shooter (Tengu Hexslinger)             Turns: 1445, Time: 00:06:20

Health: 0/27       AC:  2    Str: 10    XL:     4   Next: 26%
Magic:  6/6        EV: 12    Int: 13    God:
Gold:   38         SH:  0    Dex: 17    Spells: 4/5 levels left

rFire   . . .      SeeInvis .    a - +1 sling
rCold   . . .      Faith    .    (no shield)
rNeg    . . .      Spirit   .    c - +0 robe
rPois   .          Reflect  .    (helmet restricted)
rElec   .          Harm     .    (no cloak)
rCorr   .          Rampage  .    (no gloves)
Will    +....                    (boots unavailable)
Stlth   ++........               (no amulet)
HPRegen 0.24/turn                d - ring of willpower
MPRegen 0.10/turn                (no ring)

@: no status effects
A: beak, talons 3
a: no special abilities


You were on level 2 of the Dungeon.
You visited 1 branch of the dungeon, and saw 2 of its levels.

You collected 38 gold pieces.

Inventory:

Hand Weapons
 a - a +1 sling (weapon)
 b - a +0 short sword
 j - a +0 war axe
Armour
 c - a +0 robe (worn)
Jewellery
 d - a ring of willpower (left hand)
Scrolls
 e - a scroll of magic mapping {unknown}
 f - a scroll of poison
 k - a scroll of identify {unknown}
 l - a scroll of silence {unknown}
Potions
 g - 2 potions of degeneration {unknown}
 h - a potion of might {unknown}
 i - 2 potions of heal wounds {unknown}
 m - a potion of curing {unknown}


   Skills:
 + Level 2.5 Fighting
 * Level 3.9 Ranged Weapons
 - Level 2.1 Dodging
 - Level 1.0 Spellcasting
 - Level 2.1 Hexes


You had 4 spell levels left.
You knew the following spells:

 Your Spells              Type           Power      Damage    Failure   Level
a - Slow                  Hex            24%        N/A       12%         1

Your spell library contained the following spells:

 Spells                   Type           Power      Damage    Failure   Level
 Inner Flame              Hex/Fire       3%         N/A       47%         3
 Portal Projectile        Hex/Tloc       6%         N/A       47%         3
 Cause Fear               Hex            3%         N/A       75%         4


Dungeon Overview and Level Annotations

Branches:
Dungeon (2/15)

Altars:


Innate Abilities, Weirdness & Mutations

You have a beak for a mouth.
You have claws for feet.


Message History

The sling bullet completely misses the worm.
You hear a shout!
You shoot a sling bullet. The sling bullet hits the worm.
The worm is severely wounded.
You shoot a sling bullet. The sling bullet hits the worm.
You kill the worm!
The gnoll barely misses you.
You shoot a sling bullet. The sling bullet hits the gnoll.
The gnoll is moderately wounded.
The gnoll hits you with a +0 whip.
You shoot a sling bullet. The sling bullet hits the gnoll.
The gnoll is heavily wounded.
The gnoll hits you with a +0 whip.
You are too injured to fight recklessly!
You are too injured to fight recklessly!
You are too injured to fight recklessly!
You are too injured to fight recklessly!
Fire: a) +1 sling
Press: ? - help, Q - select action, (/) - cycle Shift-Dir - straight line, f/p - gnoll
Aim: a gnoll, wielding a +0 whip (heavily wounded, 64% to hit)
You shoot a sling bullet.
The sling bullet hits the gnoll but does no damage.
The gnoll is heavily wounded.
The gnoll closely misses you.
Fire: a) +1 sling
Press: ? - help, Q - select action, (/) - cycle Shift-Dir - straight line, f/p - gnoll
Aim: a gnoll, wielding a +0 whip (heavily wounded, 64% to hit)
You shoot a sling bullet. The sling bullet hits the gnoll.
The gnoll is almost dead.
You hear a shout!
The gnoll hits you with a +0 whip.
* * * LOW HITPOINT WARNING * * *
The gnoll barely misses you.
Fire: a) +1 sling
Press: ? - help, Q - select action, (/) - cycle Shift-Dir - straight line, f/p - gnoll
Aim: a gnoll, wielding a +0 whip (almost dead, 64% to hit)
You shoot a sling bullet.
The sling bullet closely misses the gnoll.
The gnoll misses you. The gnoll hits you with a +0 whip.
You die...

### ##...# ..
#.# # ##. #.##
# ##.# #.### #
#..#
#gg.######### #
#..##
##.#@.)).....#
# #.#.##
##.######.....#
# #.##.###.##
#.###.# #
#.###...## #.#
..
#####.####.##
... .
.<.........#
...
##....>##....
....
..........###
#...#
##.....####


You could see 2 gnolls.

Vanquished Creatures
  A gnoll (D:2)
  2 adders (D:2)
  An adder skeleton (D:2)
  A worm (D:2)
  2 dart slugs (D:1)
  A bat skeleton (D:2)
  5 endoplasms
  A giant cockroach (D:1)
  A goblin (D:2)
  4 jackals (D:2)
  4 kobolds
  4 ball pythons (D:1)
  A ball python skeleton (D:2)
  4 bats
  2 rats
34 creatures vanquished.

Vanquished Creatures (others)
  A withered plant (D:2)
1 creature vanquished.

Grand Total: 35 creatures vanquished

Notes
Turn   | Place    | Note
-------+----------+-------------------------------------------
     0 | D:1      | porpoise the Tengu Hexslinger began the quest for the Orb.
     0 | D:1      | Reached XP level 1. HP: 12/12 MP: 3/3
   185 | D:1      | Reached XP level 2. HP: 7/16 MP: 2/4
   374 | D:1      | Found a faded altar of an unknown god.
   585 | D:1      | Reached skill level 3 in Ranged Weapons
   965 | D:2      | Reached XP level 3. HP: 14/21 MP: 5/5
  1277 | D:2      | Reached XP level 4. HP: 11/27 MP: 6/6
  1445 | D:2      | Slain by a gnoll

Illustrated notes

Levels and vault maps discovered:
D:1:      wheals_arrival_linesprint, layout_rooms,
          hellmonk_ecumenical_altar_pennies_from_heaven,
          hangedman_abyss_or_decor_lesser_grid, dk_noncrumbling_2,
          dreamdust_princess_bridge, minmay_tetromino_t2
D:2:      layout_loops_ring, serial_undead, serial_undead_c, serial_undead_e,
          serial_undead_a, serial_undead_b, serial_undead_a, serial_undead_d,
          supply_closet_lemuel, minmay_joined_circles

Skill      XL: |  1  2 |
---------------+-------+-----
Fighting       | 2 |  2.5
Ranged Weapons | 3 |  3.9
Dodging        | |  2.1
Spellcasting   | |  1.0
Hexes          | |  2.1

Action                   |  1- 3 |  4- 6 || total
-------------------------+-------+-------++-------
Melee: War axe           |     3 |       ||     3
       Peck              |     1 |       ||     1
       Short sword       |     4 |       ||     4
 Fire: Sling             |    70 |    35 ||   105
 Cast: Slow              |     1 |       ||     1
Armor: Robe              |     8 |     2 ||    10
Dodge: Dodged            |    19 |    14 ||    33

Table legend: (Time is in decaauts)
 A = Elapsed time spent in this place.
 B = Non-inter-level travel time spent in this place.
 C = Inter-level travel time spent in this place.
 D = Time resting spent in this place.
 E = Time spent auto-exploring this place.
 F = Levels seen in this place.
 G = Mean time per level.
                   A        B        C        D        E       F      G
               +--------+--------+--------+--------+--------+-----+--------+
         Total |   1471 |   1351 |    120 |    262 |    834 |   2 |  735.5 |
       Dungeon |   1471 |   1351 |    120 |    262 |    834 |   2 |  735.5 |
               +--------+--------+--------+--------+--------+-----+--------+

Top non-repeatable levels by time:
     D:1: 1024 daAuts
     D:2: 446 daAuts
